 Dungeon Crawl Stone Soup version 0.28-b1-25-g9875b3fc8c (webtiles) character file.

Game seed: 14964212780554988999

2 Masnef the Magician (level 1, -1/13 HPs)
             Began as a Gnoll Wanderer on Feb 6, 2022.
             Slain by a ball python (2 damage)
             ... on level 1 of the Dungeon.
             The game lasted 00:00:14 (42 turns).

Masnef the Magician (Gnoll Wanderer)                  Turns: 42, Time: 00:00:15

Health: -1/13      AC:  2    Str:  8    XL:     1   Next: 40%
Magic:  8/8        EV:  9    Int: 15    God:
Gold:   0          SH:  0    Dex: 10    Spells: 14/14 levels left

rFire   . . .      SeeInvis .   a - +0 dagger
rCold   . . .      Faith    .   (no shield)
rNeg    . . .      Spirit   .   c - +0 robe
rPois   .          Reflect  .   (no helmet)
rElec   .          Harm     .   (no cloak)
rCorr   .          Rampage  .   (no gloves)
Will    .....                   (no boots)
Stlth   +.........              (no amulet)
HPRegen 0.04/turn               (no ring)
MPRegen 0.11/turn               (no ring)

@: constricted
A: fangs 1, strong nose, distributed training
a: no special abilities


You were on level 1 of the Dungeon.
You visited 1 branch of the dungeon, and saw 1 of its levels.

Inventory:

Hand Weapons
 a - a +0 dagger (weapon)
Missiles
 b - 11 poisoned darts (quivered)
Armour
 c - a +0 robe (worn)
Jewellery
 d - a ring of willpower
 e - a ring of wizardry


   Skills:
 + Level 0.0 Fighting
 + Level 0.0 Short Blades
 + Level 0.0 Long Blades
 + Level 0.0 Axes
 + Level 0.0 Maces & Flails
 + Level 0.0 Polearms
 + Level 0.0 Staves
 + Level 0.0 Slings
 + Level 0.0 Bows
 + Level 0.0 Crossbows
 + Level 4.4 Throwing
 + Level 0.0 Armour
 + Level 2.3 Dodging
 + Level 0.0 Stealth
 + Level 0.0 Shields
 + Level 0.0 Unarmed Combat
 + Level 7.0 Spellcasting
 + Level 5.3 Conjurations
 + Level 0.0 Hexes
 + Level 0.0 Summonings
 + Level 0.0 Necromancy
 + Level 1.9 Translocations
 + Level 0.0 Transmutations
 + Level 0.0 Fire Magic
 + Level 0.0 Ice Magic
 + Level 0.0 Air Magic
 + Level 0.0 Earth Magic
 + Level 0.0 Poison Magic
 + Level 0.1 Invocations
 + Level 0.0 Evocations


You had 14 spell levels left.
You didn't know any spells.
Your spell library contained the following spells:

 Spells                   Type           Power      Damage    Failure   Level
 Foxfire                  Conj/Fire      52%        2x1d6     4%          1
 Apportation              Tloc           22%        N/A       6%          1
 Portal Projectile        Hex/Tloc       16%        N/A       26%         3
 Flame Wave               Conj/Fire      13%        2d6       41%         4
 Sticky Flame             Conj/Fire      13%        2d4       41%         4


Dungeon Overview and Level Annotations

Branches:
Dungeon (1/15)

Altars:


Innate Abilities, Weirdness & Mutations

You have very sharp teeth.
Your uncanny sense of smell can sniff out nearby items.
Your experience applies equally to all skills.


Message History

The goblin hits you with a +0 dagger.
A dart slug comes into view.
A hobgoblin comes into view.
You hit the goblin.
The goblin is almost dead.
The goblin hits you but does no damage.
You hit the goblin.
You kill the goblin!
The endoplasm freezes you.
You are frozen.
You hit the ball python.
The ball python is severely wounded.
The ball python bites you. The ball python barely misses you.
The endoplasm freezes you.
You are frozen.
* * * LOW HITPOINT WARNING * * *
You are too injured to fight recklessly!
You are too injured to fight recklessly!
You hit the ball python.
The ball python is moderately wounded.
The ball python barely misses you. The ball python misses you.
The ball python barely misses you. x2; The endoplasm closely misses you.
The ball python bites you but does no damage.
The ball python grabs you. The ball python constricts you.
You escape the ball python's grasp.
The ball python barely misses you. x2
Unknown command.
You closely miss the ball python.
The ball python is heavily wounded.
The ball python bites you but does no damage.
The ball python grabs you. The ball python constricts you.
The ball python barely misses you.
You hit the ball python.
The ball python is severely wounded.
The ball python bites you.
* * * LOW HITPOINT WARNING * * *
The ball python constricts you. The ball python barely misses you.
Unknown command.
You closely miss the ball python.
The ball python is severely wounded.
The kobold closely misses you. The ball python bites you.
You die...

###.### ∆
#D#.#X#
#####.###
#^#...#D#
###.#####
#*#.#^# #
###.### .#
#...#####.##
+.>.'.@K...#
#...##SSg#..##
#####.J)...$.#
#D#....w.....
###......####
........#∆∆
#......##.#∆
#....).#∆$..
..###..#∆ ...


You could see a dart slug, an endoplasm, a hobgoblin, 2 ball pythons and a
kobold.

Vanquished Creatures
  A ball python (D:1)
  A goblin (D:1)
2 creatures vanquished.

Notes
Turn   | Place    | Note
-------+----------+-------------------------------------------
     0 | D:1      | Masnef the Gnoll Wanderer began the quest for the Orb.
     0 | D:1      | Masnef set off with the following items: a +0 dagger, 11
                  | poisoned darts, a +0 robe; and the following spells
                  | available to memorise: Foxfire, Apportation, Portal
                  | Projectile, Flame Wave, Sticky Flame
     0 | D:1      | Reached XP level 1. HP: 13/13 MP: 8/8
     0 | D:1      | Noticed an orb of fire
     1 | D:1      | Noticed an orb of fire
     2 | D:1      | Noticed an ice dragon
     2 | D:1      | Noticed an orb of fire
     5 | D:1      | Noticed an ice dragon
     6 | D:1      | Noticed a green draconian
     9 | D:1      | Noticed an iron dragon
    13 | D:1      | Noticed a large abomination
    13 | D:1      | Noticed an ice dragon
    15 | D:1      | Noticed an ice dragon
    18 | D:1      | Noticed an iron dragon
    18 | D:1      | Noticed a large abomination
    20 | D:1      | Noticed an iron dragon
    20 | D:1      | Noticed an orb of fire
    22 | D:1      | Noticed a shadow dragon
    42 | D:1      | Slain by a ball python

Illustrated notes

Levels and vault maps discovered:
D:1:      shiori_arrival_whats_in_store_for_you, layout_rooms,
          hellmonk_ecumenical_altar_watching_god, minmay_hexomino_c4

Action                   || total
-------------------------++-------
Melee: Dagger            ||     9
 Stab: Sleeping          ||     1
Armor: Robe              ||     3
Dodge: Dodged            ||    11
